 Dungeon Crawl Stone Soup version 0.29.1-13-g9f3cf754e1 (webtiles) character file.

Game seed: 8967681103047176913

30487 Thatpatchoflichen the Fighter (level 13, -1/111 HPs)
             Began as a Demonspawn Gladiator on Feb 4, 2023.
             Was a High Priest of Ru.
             Slain by an elephant (10 damage)
             ... on level 5 of the Lair of Beasts.
             The game lasted 00:47:57 (20065 turns).

Thatpatchoflichen the Fighter (DsGl)               Turns: 20065, Time: 00:47:57

Health: -1/111     AC: 18    Str: 16    XL:     13   Next: 20%
Magic:  13/13      EV: 11    Int: 10    God:    Ru [*****.]
Gold:   936        SH:  0    Dex: 18    Spells: 12/12 levels left

rFire   . . .      SeeInvis +   N - +10 falchion "Epeosan" {drain, rN++ SInv}
rCold   . . .      Faith    .   (shield unavailable)
rNeg    + + .      Spirit   .   v - +0 chain mail
rPois   .          Reflect  .   (helmet restricted)
rElec   .          Harm     .   l - +1 cloak
rCorr   .          Rampage  .   K - +0 pair of gloves
Will    .....                   c - +2 pair of boots
Stlth   ..........              w - amulet of magic regeneration
HPRegen 0.28/turn               (ring unavailable)
MPRegen 0.53/turn               P - +4 ring of protection

@: about to teleport
A: antennae 1, claws 1, hooves 1, foul stench 3, spiny 2, missing a hand,
inability to train armour, no air magic, no hexes magic, no summoning magic
a: Renounce Religion, Draw Out Power, Power Leap, Apocalypse


You were on level 5 of the Lair of Beasts.
You worshipped Ru.
Ru was extremely pleased with you.
You visited 4 branches of the dungeon, and saw 16 of its levels.

You collected 936 gold pieces.

Inventory:

Hand Weapons
 N - the +10 falchion "Epeosan" (weapon) {drain, rN++ SInv}
   (You found it on level 7 of the Dungeon)

   A truly terrible weapon, it drains the life of any living foe it strikes.
   rN:        It greatly protects you from negative energy.
   SInv:      It lets you see invisible.
 X - a +4 scimitar of freezing
Missiles
 d - 3 throwing nets (quivered)
 e - a javelin
 x - 21 poisoned darts
 R - 8 curare-tipped darts
Armour
 c - a +2 pair of boots (worn)
 g - a +0 plate armour
 l - a +1 cloak (worn)
 v - a +0 chain mail (worn)
 K - a +0 pair of gloves (worn)
 Q - a +2 robe of willpower
Jewellery
 j - a +4 ring of evasion
 w - an amulet of magic regeneration (around neck)
 y - a +6 ring of intelligence
 C - a ring of poison resistance
 G - a ring of ice
 P - a +4 ring of protection (right hand)
Wands
 p - a wand of mindburst (12)
 H - a wand of paralysis (32)
 L - a wand of flame (34)
 O - a wand of iceblast (22)
Scrolls
 b - 2 scrolls of immolation
 h - 8 scrolls of noise
 n - 3 scrolls of enchant armour
 q - 2 scrolls of fear
 s - 3 scrolls of torment
 t - 9 scrolls of teleportation
 u - a scroll of poison {unknown}
 z - 2 scrolls of enchant weapon {unknown}
 B - a scroll of magic mapping
 D - 3 scrolls of vulnerability
 J - 7 scrolls of blinking
 M - 2 scrolls of amnesia {unknown}
 T - a scroll of fog {unknown}
 W - a scroll of silence {unknown}
Potions
 a - 3 potions of mutation
 f - a potion of brilliance
 i - 2 potions of flight
 m - 11 potions of curing
 o - 4 potions of heal wounds
 r - 3 potions of might
 A - 6 potions of haste
 E - 2 potions of magic
 F - 7 potions of attraction
Miscellaneous
 U - a tin of tremorstones (2/2)


   Skills:
 + Level 13.3 Fighting
 + Level 11.5 Long Blades
 - Level 1.7 Throwing
   Level 0.0 Armour
 * Level 11.6 Dodging
 + Level 3.6 Evocations


You had 12 spell levels left.
You didn't know any spells.
Your spell library contained the following spells:

 Spells                   Type           Power      Damage    Failure   Level
 Sandblast                Erth           0%         2d4       100%        1
 Passwall                 Tmut/Erth      0%         N/A       100%        2
 Scorch                   Fire           0%         2d5       100%        2
 Ignite Poison            Fire/Tmut/Pois 0%         N/A       100%        3
 Ozocubu's Armour         Ice            0%         N/A       100%        3
 Spider Form              Tmut/Pois      0%         N/A       100%        3
 Stone Arrow              Conj/Erth      0%         3d7       100%        3
 Flame Wave               Conj/Fire      0%         2d4       100%        4
 Alistair's Intoxication  Tmut/Pois      0%         N/A       100%        5
 Ozocubu's Refrigeration  Ice            0%         4d7       100%        7
 Ensorcelled Hibernation  Hex/Ice        Unusable   N/A       N/A         2
 Static Discharge         Conj/Air       Unusable   3-3/arc   N/A         2
 Confusing Touch          Hex            Unusable   N/A       N/A         3
 Mephitic Cloud           Conj/Pois/Air  Unusable   N/A       N/A         3
 Anguish                  Hex/Necr       Unusable   N/A       N/A         4
 Freezing Cloud           Conj/Ice/Air   Unusable   6-21      N/A         5
 Yara's Violent Unravell  Hex/Tmut       Unusable   3d3       N/A         5
 Conjure Ball Lightning   Conj/Air       Unusable   3x3d6     N/A         6
 Summon Cactus Giant      Summ           Unusable   N/A       N/A         6
 Enfeeble                 Hex            Unusable   N/A       N/A         7
 Malign Gateway           Summ/Tloc      Unusable   N/A       N/A         7
 Summon Horrible Things   Summ           Unusable   N/A       N/A         8

Dungeon Overview and Level Annotations

Branches:
Dungeon (9/15)             Temple (1/1) D:5            Lair (5/5) D:8
 Shoals (0/4) Lair:3        Snake (1/4) Lair:3        Slime (0/5) Lair:5
    Orc (0/2) D:9

Altars:
Ashenzari
Fedhas
Gozag
Hepliaklqana
Kikubaaqudgha
Makhleb
Nemelex Xobeh
Okawaru
Ru
Sif Muna
Trog
Uskayaw
Vehumet
Wu Jian
Xom
Yredelemnul

Shops:
D:1 ??=   D:2 (   D:3 *


Innate Abilities, Weirdness & Mutations

You have a pair of small antennae on your head.
You have sharp fingernails.
You have large cloven feet.
You frequently emit foul miasma when damaged in melee.
You are mostly covered in sharp spines.
You are missing a hand.
You cannot train Armour skill.
You cannot study or cast Air magic.
You cannot study or cast Hexes magic.
You cannot study or cast Summoning magic.


Message History

The six-headed hydra is engulfed in dark miasma.
The six-headed hydra seems to slow down.
The six-headed hydra bites you but does no damage. x2
The six-headed hydra completely misses you.
The six-headed hydra bites you.
* * * LOW HITPOINT WARNING * * *
You focus your inner power and blind the six-headed hydra in retribution!
The six-headed hydra bites you but does no damage.
The six-headed hydra misses you.
You slash the cane toad!
You kill the cane toad!
The six-headed hydra looks more healthy.
The elephant tramples you.
* * * LOW HITPOINT WARNING * * *
You hold your ground!
You emit a cloud of foul miasma!
The elephant barely misses you.
The elephant tramples you but does no damage.
The elephant trunk-slaps you.
* * * LOW HITPOINT WARNING * * *
You emit a cloud of foul miasma!
The six-headed hydra bites you but does no damage.
The six-headed hydra bites you.
* * * LOW HITPOINT WARNING * * *
The six-headed hydra bites you but does no damage. x4
You hit the elephant but do no damage. You drain the elephant.
The elephant is moderately wounded.
The six-headed hydra is engulfed in dark miasma.
The six-headed hydra seems to slow down.
The six-headed hydra is struck by your spines.
The six-headed hydra bites you but does no damage.
The six-headed hydra closely misses you.
The six-headed hydra bites you!
* * * LOW HITPOINT WARNING * * *
The six-headed hydra barely misses you.
The six-headed hydra closely misses you.
The six-headed hydra barely misses you.
The elephant is engulfed in dark miasma.
The elephant is poisoned.
The elephant seems to slow down.
The elephant is struck by your spines. The elephant tramples you!
You die...

##..#####.......P......#
#....#................##
#................##....#
##........#.....###...##
##.....P.##P..####..##
#.#.P...###### #..##
#........# #...# #
##......## ###.##.#
#...Y@Y## ##..†..##
#....DD.# ##.......##
#....☼<.####........P#
#.........#.........##
#.....†:....#...P.###
#...)......#........P
#.....#...............#
#..............#.....##
#....(...........###.#


You could see 2 six-headed hydras and 2 elephants.

Vanquished Creatures
  A hydra (Lair:1)
  A catoblepas (Lair:4)
  A boulder beetle (Lair:1)
  A two-headed ogre (D:8)
  Pikel (D:4)
  A cyclops (D:8)
  A black mamba (Lair:2)
  An elephant (Lair:5)
  8 cane toads
  A demonic crawler (Lair:3)
  17 komodo dragons
  Psyche (D:8)
  A rime drake (Lair:4)
  A polar bear (D:8)
  2 hornets (D:9)
  11 blink frogs
  Grinder (D:6)
  Sigmund (D:6)
  Eustachio (D:6)
  2 shadows (D:9)
  5 wyverns
  A human (shapeshifter) (D:8)
  43 yaks
  5 basilisks
  3 steam dragons
  A naga (Lair:3)
  4 swamp worms (Lair:3)
  20 water moccasins
  2 ice beasts
  7 orc warriors
  6 black bears
  2 ogres
  A centaur (D:8)
  2 lemures (D:4)
  Blork the orc (D:6)
  3 kobold brigands (D:8)
  A gnoll sergeant (D:7)
  A necrophage (D:5)
  14 bullfrogs
  5 scorpions
  14 wights
  2 killer bees (D:8)
  An electric eel (Lair:3)
  A howler monkey (D:6)
  6 hounds
  3 jellies
  Crazy Yiuf (D:6)
  4 orc priests
  A gnoll bouda (D:4)
  3 iguanas
  10 orc wizards
  14 gnolls
  10 adders
  A shadow imp (D:5)
  3 white imps
  An ufetubus (D:4)
  A worm (D:5)
  4 dart slugs
  29 orcs
  9 ball pythons
  8 endoplasms
  2 giant cockroaches
  7 goblins
  9 hobgoblins
  13 kobolds
  6 quokkas
  4 bats
  4 frilled lizards
  7 rats
360 creatures vanquished.

Vanquished Creatures (others)
  A cane toad (Lair:5)
  A yak (D:8)
  An orc warrior (D:9)
  A kobold (D:8)
  38 fungi
  59 plants
101 creatures vanquished.

Grand Total: 461 creatures vanquished

Notes
Turn   | Place    | Note
-------+----------+-------------------------------------------
     0 | D:1      | Thatpatchoflichen the Demonspawn Gladiator began the quest
                  | for the Orb.
     0 | D:1      | Reached XP level 1. HP: 16/16 MP: 1/1
    93 | D:1      | Gained mutation: You are partially covered in sharp spines.
                  | [demonic ancestry]
    93 | D:1      | Reached XP level 2. HP: 3/22 MP: 2/2
    99 | D:1      | Found Vuuxylin's Jewellery Shoppe.
   506 | D:1      | Found Nuagirphirr's Magic Scroll Shop.
   559 | D:1      | Found Yfudduogg's Magic Scroll Shoppe.
   831 | D:2      | Reached XP level 3. HP: 21/28 MP: 3/3
  1030 | D:2      | Found Xulam's Weapon Emporium.
  1043 | D:2      | Got the Monograph on the Viperous Impact
  1246 | D:2      | Gained mutation: You may rarely emit foul miasma when
                  | damaged in melee. [demonic ancestry]
  1246 | D:2      | Reached XP level 4. HP: 32/34 MP: 4/4
  1524 | D:3      | Reached skill level 3 in Fighting
  1692 | D:3      | Found Vocha's General Store.
  2018 | D:3      | Found a faded altar of an unknown god.
  2321 | D:4      | Noticed an ogre
  2407 | D:4      | Identified the +0 rapier of a sewer {venom, rPois}
  2838 | D:5      | Entered Level 5 of the Dungeon
  2978 | D:5      | Noticed a scorpion
  2985 | D:5      | Noticed a scorpion
  2992 | D:5      | Killed a scorpion
  2993 | D:5      | Reached XP level 5. HP: 32/42 MP: 5/5
  2999 | D:5      | Reached skill level 4 in Fighting
  3173 | D:5      | Found a hide-covered altar of Uskayaw.
  3195 | D:5      | Noticed an ogre
  3200 | D:5      | Killed an ogre
  3201 | D:5      | Reached skill level 1 in Armour
  3201 | D:5      | Reached XP level 6. HP: 7/48 MP: 6/6
  3772 | D:4      | Gained mutation: You sometimes emit foul miasma when
                  | damaged in melee. [demonic ancestry]
  3772 | D:4      | Reached XP level 7. HP: 44/55 MP: 7/7
  4080 | D:5      | Found a staircase to the Ecumenical Temple.
  4114 | Temple   | Entered the Ecumenical Temple
  4345 | Temple   | Became a worshipper of Ru the Awakened
  4422 | D:4      | Reached skill level 5 in Fighting
  4536 | D:4      | Found a hazy altar of Hepliaklqana.
  4718 | D:4      | Reached skill level 5 in Long Blades
  4718 | D:4      | Reached skill level 5 in Dodging
  5528 | D:5      | Noticed Pikel
  5549 | D:4      | Killed Pikel
  5550 | D:4      | Discovered your monstrous ancestry.
  5550 | D:4      | Gained mutation: You have sharp fingernails. [demonic
                  | ancestry]
  5550 | D:4      | Reached XP level 8. HP: 58/64 MP: 8/8
  5942 | D:6      | Reached skill level 6 in Fighting
  6023 | D:6      | Noticed Eustachio
  6039 | D:6      | Killed Eustachio
  6083 | D:6      | Found a runed translucent door.
  6084 | D:6      | Noticed Crazy Yiuf
  6187 | D:6      | Noticed Grinder
  6205 | D:6      | Noticed Blork the orc
  6213 | D:6      | Paralysed by Grinder for 3 turns
  6218 | D:6      | Killed Grinder
  6219 | D:6      | Reached skill level 5 in Armour
  6225 | D:6      | Killed Blork the orc
  6226 | D:6      | Gained mutation: You have large cloven feet. [demonic
                  | ancestry]
  6226 | D:6      | Reached XP level 9. HP: 26/69 MP: 9/9
  6470 | D:5      | Gained mutation: You cannot train Armour skill. [Ru
                  | sacrifice]
  6470 | D:5      | Reached * piety under Ru
  7333 | D:6      | HP: 1/69 [orc warrior/+0 long sword (5)]
  7748 | D:6      | Noticed Sigmund
  7758 | D:6      | Killed Sigmund
  7943 | D:6      | Killed Crazy Yiuf
  8019 | D:7      | Identified the +10 falchion "Epeosan" {drain, rN++ SInv}
  8218 | D:7      | Reached skill level 7 in Fighting
  9052 | D:8      | Found an opulent altar of Gozag.
  9151 | D:8      | Noticed Psyche
  9158 | D:8      | Killed Psyche
  9268 | D:8      | Reached XP level 10. HP: 77/80 MP: 10/10
  9269 | D:8      | Found a staircase to the Lair.
  9293 | D:8      | Reached skill level 8 in Fighting
  9994 | D:8      | Gained mutation: You are missing a hand. [Ru sacrifice]
  9994 | D:8      | Reached ** piety under Ru
  9994 | D:8      | Reached *** piety under Ru
  9994 | D:8      | Reached **** piety under Ru
 10253 | D:8      | Reached skill level 9 in Fighting
 10305 | D:8      | Noticed a two-headed ogre
 10316 | D:8      | Killed a two-headed ogre
 10650 | D:8      | Reached skill level 10 in Fighting
 10784 | D:8      | Noticed a cyclops
 10789 | D:8      | Killed a cyclops
 11070 | D:8      | Gained mutation: You frequently emit foul miasma when
                  | damaged in melee. [demonic ancestry]
 11070 | D:8      | Reached XP level 11. HP: 78/89 MP: 11/11
 11158 | D:8      | Found an iron altar of Okawaru.
 11591 | D:9      | Found a staircase to the Orcish Mines.
 12244 | Lair:1   | Entered Level 1 of the Lair of Beasts
 12267 | D:8      | Reached skill level 11 in Fighting
 13064 | Lair:1   | Noticed a five-headed hydra
 13078 | Lair:1   | Killed a 17-headed hydra
 14029 | Lair:1   | Noticed a boulder beetle
 14041 | Lair:1   | Killed a boulder beetle
 14638 | Lair:2   | Reached skill level 10 in Long Blades
 14638 | Lair:2   | Reached skill level 10 in Dodging
 14780 | Lair:2   | Gained mutation: You have a pair of small antennae on your
                  | head. [demonic ancestry]
 14780 | Lair:2   | Reached XP level 12. HP: 77/102 MP: 12/12
 14916 | Lair:2   | Reached skill level 12 in Fighting
 16991 | Lair:3   | Found a staircase to the Snake Pit.
 17533 | Lair:3   | Reached skill level 1 in Evocations
 17679 | Lair:3   | Found a staircase to the Shoals.
 17881 | Snake:1  | Entered Level 1 of the Snake Pit
 17969 | Lair:3   | Gained mutation: You cannot study or cast Air magic. [Ru
                  | sacrifice]
 17969 | Lair:3   | Gained mutation: You cannot study or cast Hexes magic. [Ru
                  | sacrifice]
 17969 | Lair:3   | Gained mutation: You cannot study or cast Summoning magic.
                  | [Ru sacrifice]
 17969 | Lair:3   | Reached ***** piety under Ru
 18066 | Lair:4   | Reached skill level 13 in Fighting
 18731 | Lair:4   | Gained mutation: You are mostly covered in sharp spines.
                  | [demonic ancestry]
 18731 | Lair:4   | Reached XP level 13. HP: 111/111 MP: 13/13
 19431 | Lair:5   | Entered Level 5 of the Lair of Beasts
 19734 | Lair:5   | Found a staircase to the Slime Pits.
 20065 | Lair:5   | Slain by an elephant

Illustrated notes

Levels and vault maps discovered:
D:1:      saegor_arrival_simple_e, layout_rooms, serial_shops, shop_statue,
          shop_statue, shop, st_stairs_10, minmay_misc_feat_iff,
          chequers_mini_garden
D:2:      layout_rooms, serial_shops, shop
D:3:      layout_loops_ring, dreamdust_ecumenical_altar_angels_and_demons,
          serial_shops, shop, palyth_stone_intersect,
          minmay_misc_feat_four_crosses, kennysheep_nub,
          kennysheep_generic_room_5
D:4:      layout_cave_pods, worldfamousw_hep_ancestral_shrine
D:5:      minmay_diamond_boxcup, layout_cave_pools, nicolae_uskayaw_dance_hall,
          minmay_temple_entry_large_hall, uniq_pikel
D:6:      layout_loops_corners, st_stairs_13, dk_vineyard_3, uniq_blork_the_orc,
          uniq_sigmund, uniq_grinder, uniq_eustachio, uniq_crazy_yiuf_cottage
D:7:      layout_cave_pools
D:8:      kennysheep_windowed_halls, layout_loops_ring, marbit_many_paths,
          grunt_gozag_statues, due_lair_maze_entry_diamond, uniq_psyche
D:9:      layout_irregular_city, david_orc_4
Temple:   minmay_temple_curvy_branch
Lair:1:   layout_chaotic_city, nzn_sisyphean_effort, grunt_megastairs_3
Lair:2:   layout_layer_cave, grunt_megastairs_4
Lair:3:   layout_small_grid, elwin_shoals_entry_rooms,
          minmay_snake_entry_six_corridors, grunt_forest_small_clearings,
          worms_lemuel, infiniplex_staircase_pool
Lair:4:   layout_regular_city, lemuel_fruit_tree
Lair:5:   cheibrodos_lair_end_hotspot, layout_misc_corridors, slime_entry_1,
          amcnicky_mini_pool_medium
Snake:1:  layout_onion

Skill      XL: |  1  2  3  4  5  6  7  8  9 10 11 12 13 |
---------------+----------------------------------------+-----
Long Blades    | 3 4 5 6 7 8 10 11 | 11.5
Dodging        | 3 4 5 6 7 8 10 11 | 11.6
Fighting       | 3 4 5 6 7 10 11 13 | 13.3
Armour         | 1 3 5 0 |  0.0
Evocations     | 2 3 |  3.6
Throwing       | |  1.7

Action                   |  1- 3 |  4- 6 |  7- 9 | 10-12 | 13-15 || total
-------------------------+-------+-------+-------+-------+-------++-------
Melee: Long sword        |    74 |    75 |   168 |       |       ||   317
       Punch             |     2 |     3 |     1 |       |       ||     6
       Falchion          |       |       |    67 |   538 |    61 ||   666
       Kick              |       |       |    30 |   163 |       ||   193
Invok: Sacrifice Durabil |       |       |     1 |       |       ||     1
       Sacrifice a Hand  |       |       |       |     1 |       ||     1
       Sacrifice Arcana  |       |       |       |     1 |       ||     1
  Use: Scroll            |       |       |       |    11 |     9 ||    20
 Stab: Petrified         |       |       |       |     6 |       ||     6
       Invisible         |       |       |       |     5 |       ||     5
       Distracted        |       |       |       |     1 |     1 ||     2
Armor: Scale mail        |    38 |    25 |    92 |       |       ||   155
       Chain mail        |       |       |    10 |   235 |    63 ||   308
Dodge: Dodged            |    48 |    56 |   131 |   249 |    53 ||   537
